 Dungeon Crawl Stone Soup version 0.16.2-12-gd0ad4c3 (webtiles) character file.

277 faibistes the Magician (level 6, 0/32 HPs)
             Began as a Deep Elf Wizard on Jan 8, 2019.
             Slain by a slave (4 damage)
             ... led by Pikel
             ... on level 3 of the Dungeon.
             The game lasted 00:12:11 (4223 turns).

faibistes the Magician (Deep Elf Wizard)            Turns: 4223, Time: 00:12:11

Health: 0/32       AC:  5    Str:  7    XL:     6   Next: 4%
Magic:  5/22       EV: 13    Int: 25    God:
Gold:   119        SH:  0    Dex: 13    Spells: 7 memorised, 3 levels left

rFire  . . .     SeeInvis .     l - +3 dagger (flame)
rCold  . . .     Clarity  .     a - +0 robe
rNeg   . . .     SustAb   .     (no shield)
rPois  .         Gourm    .     b - +0 hat
rElec  .         Spirit   .     (no cloak)
rCorr  .         Warding  .     k - +2 pair of gloves {Str+3}
rMut   .         Stasis   .     (no boots)
MR     .....                    (no amulet)
Stlth  ++........               (no ring)
                                h - ring of flight

@: very slightly contaminated, not resistant to hostile enchantments, unstealthy
A: no striking features
a: Evoke Flight


You were on level 3 of the Dungeon.
You were not hungry.

You visited 1 branch of the dungeon, and saw 4 of its levels.

You collected 119 gold pieces.

Inventory:

Hand weapons
 i - a +1 dagger of electrocution
 l - a +3 dagger of flaming (weapon)
Armour
 a - a +0 robe (worn)
 b - a +0 hat (worn)
 k - a +2 pair of gloves of strength (worn)
Jewellery
 h - a ring of flight (left hand)
Scrolls
 e - 2 scrolls of remove curse {unknown}
 j - a scroll of magic mapping {unknown}
 n - a scroll of noise {unknown}
 o - a scroll of recharging {unknown}
 p - 2 scrolls of teleportation {unknown}
 v - 2 scrolls of random uselessness {unknown}
 y - a scroll of fog {unknown}
Potions
 g - a potion of resistance
 m - a potion of agility
 q - a potion of curing
 r - a potion of flight
 s - a potion of might
 t - a potion of degeneration {unknown}
 w - a potion of ambrosia {unknown}
 x - a potion of heal wounds {unknown}
Books
 c - a book of Minor Magic

   Spells                             Type                      Level
   a - Magic Dart                     Conjuration                  1
   b - Blink                          Translocation                2
   c - Call Imp                       Summoning                    2
   d - Repel Missiles                 Charms/Air                   2
   e - Slow                           Hexes                        2
   f - Conjure Flame                  Conjuration/Fire             3
   g - Mephitic Cloud                 Conjuration/Poison/Air       3
 A - a book of Transfigurations

   Spells                             Type                      Level
   a - Stoneskin                      Transmutation/Earth          2
   b - Irradiate                      Conjuration/Transmutation    5
   c - Statue Form                    Transmutation/Earth          6
   d - Hydra Form                     Transmutation                6
   e - Dragon Form                    Transmutation                7
Comestibles
 d - 5 bread rations
 u - a meat ration
 z - a slice of pizza


   Skills:
 * Level 0.1 Fighting
 + Level 3.9 Dodging
 - Level 2.4 Stealth
 * Level 6.5 Spellcasting
 - Level 3.8 Conjurations
 - Level 1.1 Summonings
 - Level 2.2 Translocations
 + Level 0.0 Evocations


You had 3 spell levels left.
You knew the following spells:

 Your Spells              Type           Power        Failure   Level  Hunger
a - Magic Dart            Conj           ####         1%          1    None
b - Conjure Flame         Conj/Fire      ###.....     12%         3    None
c - Call Imp              Summ           ##......     10%         2    None
d - Blink                 Tloc           N/A          6%          2    None
e - Mephitic Cloud        Conj/Pois/Air  ##......     14%         3    None
f - Repel Missiles        Chrm/Air       #.....       12%         2    None
g - Stoneskin             Trmt/Erth      #.......     12%         2    None


Dungeon Overview and Level Annotations

Branches:
Dungeon (4/15)
 Temple: D:4-7

Altars:
Fedhas
Makhleb
Yredelemnul

Annotations:
D:3 Pikel


Message History

The ball explodes into a vile cloud!
The stinking cloud engulfs the slave.
The slave is heavily wounded.
The stinking cloud engulfs the slave.
The slave is heavily wounded.
Your crimson imp blinks!
The slave barely misses you.
The slave is engulfed in noxious fumes.
The slave appears confused.
The slave is engulfed in noxious fumes.
The slave appears confused.
The slave is engulfed in noxious fumes.
The slave appears confused.
Pikel cries.
Pikel laughs crazily.
You hit Pikel. You burn Pikel.
Pikel is severely wounded.
Pikel hits you with a whip of flaming. Pikel burns you. The slave hits you!
* * * LOW HITPOINT WARNING * * *
You hit Pikel but do no damage.
Pikel is severely wounded.
Your crimson imp disappears in a puff of smoke!
The slave hits you.
You die...

...........#........)..#
.......................#
.##.........##...##....#
..........>.##..#......#
.#.#........#.p)#§##...#
............#..§#.# ####
.............>.p#.#
...............##p#
.............#.K@.#
.............#..###
...........#.#..###
......##..#..#....##
.....###.....#...(.##
....#....#.#........#
#.#...####.##.......#
#.....# ..##.>(....#
###.### #.# ##.....##


You could see Pikel (confused) and a slave.

Vanquished Creatures
  The ghost of faibistes the Magician, a weakling DEWz (D:3)
  An orc wizard (D:3)
  A worker ant (D:4)
  Robin (D:3)
  2 gnolls
  5 adders
  2 worms (D:2)
  2 giant geckos (D:3)
  3 oozes (D:3)
  4 orcs
  A ball python (D:2)
  8 bats
  A bat skeleton (D:4)
  4 giant cockroaches
  29 goblins
  12 hobgoblins
  5 jackals
  7 kobolds
  3 giant newts
  11 rats
103 creatures vanquished.

Vanquished Creatures (collateral kills)
  An adder (D:2)
  3 hobgoblins
  A jackal (D:2)
  A quokka (D:2)
  A kobold (D:2)
7 creatures vanquished.

Vanquished Creatures (others)
  A shadow imp (D:3)
1 creature vanquished.

Grand Total: 111 creatures vanquished

Notes
Turn   | Place    | Note
--------------------------------------------------------------
     0 | D:1      | faibistes, the Deep Elf Wizard, began the quest for the Orb.
     0 | D:1      | Reached XP level 1. HP: 10/10 MP: 6/6
   270 | D:2      | Reached XP level 2. HP: 15/15 MP: 10/10
   277 | D:1      | Learned a level 2 spell: Blink
   280 | D:1      | Learned a level 2 spell: Call Imp
   514 | D:3      | Noticed faibistes' ghost (weakling DEWz)
   714 | D:1      | Reached skill level 5 in Spellcasting
   718 | D:1      | Reached XP level 3. HP: 5/19 MP: 1/14
   723 | D:1      | Learned a level 3 spell: Conjure Flame
   727 | D:1      | Learned a level 3 spell: Mephitic Cloud
  1509 | D:2      | Found a burning altar of Makhleb.
  1510 | D:2      | Found a blossoming altar of Fedhas.
  1790 | D:2      | Reached XP level 4. HP: 24/24 MP: 13/17
  1794 | D:2      | Learned a level 2 spell: Repel Missiles
  2349 | D:3      | Killed faibistes' ghost
  2570 | D:2      | Reached XP level 5. HP: 9/28 MP: 3/20
  3165 | D:2      | Reached skill level 6 in Spellcasting
  3531 | D:3      | Noticed Robin
  3598 | D:3      | Killed Robin
  3744 | D:3      | Found a basalt altar of Yredelemnul.
  3884 | D:3      | Reached XP level 6. HP: 30/32 MP: 15/22
  4004 | D:4      | Learned a level 2 spell: Stoneskin
  4006 | D:4      | Noticed a slave
  4011 | D:4      | Noticed Pikel
  4011 | D:4      | Noticed a slave
  4011 | D:4      | Noticed a slave
  4013 | D:4      | Noticed a slave
  4162 | D:4      | Noticed an ogre
  4223 | D:3      | Slain by a slave

Action                   |  1- 3 |  4- 6 || total
-------------------------+-------+-------++-------
Melee: Dagger            |     6 |    26 ||    32
 Cast: Magic Dart        |    88 |   110 ||   198
       Call Imp          |     3 |     3 ||     6
       Blink             |     2 |     4 ||     6
       Mephitic Cloud    |     2 |    13 ||    15
       Conjure Flame     |     1 |     9 ||    10
       Repel Missiles    |       |     1 ||     1
  Use: Potion            |       |     1 ||     1
       Scroll            |       |     5 ||     5
 Stab: Sleeping          |     2 |       ||     2
       Confused          |       |     3 ||     3
  Eat: Chunk             |     3 |     7 ||    10
